TOP OF THE 1ST |
Aberdeen Ironbirds batting - Pitching for Mahoning Valley Scrappers : RHP Rafael Borja
|
Pitching: RHP Rafael Borja
|
|
Batting: LHB Bill Ostlund
|
0-0: Ball 1-0: Called Strike 1-1: Foul Ball, location: 2F 1-2: Ground out 4-3 (Groundball, 34, EV 84.4 MPH)
|
Batting: LHB Rodolfo Montes
|
0-0: Called Strike 0-1: Ball 1-1: Ball 2-1: SINGLE (Groundball, 4MS, EV 62.5 MPH) (infield hit)
|
Batting: RHB Jeremy Sipe
|
0-0: Ball Rodolfo Montes steals 2nd base 1-0: Fly out, F3 (Popup, 34, EV 75.0 MPH)
|
Batting: LHB Tim Mulholland
|
0-0: Ball 1-0: Ball Wild Pitch! Rodolfo Montes to third 2-0: Ball 3-0: Base on Balls
|
Batting: RHB Lee Deason
|
0-0: Ball 1-0: Called Strike Tim Mulholland steals 2nd base 1-1: Ball 2-1: Swinging Strike 2-2: Ball 3-2: Base on Balls
|
Batting: RHB Kaleb Yerger
|
0-0: Ball 1-0: Swinging Strike 1-1: Ball 2-1: Ball 3-1: Base on Balls Rodolfo Montes scores Tim Mulholland to third Lee Deason to second
|
Batting: RHB Scott Boyd
|
0-0: Called Strike 0-1: Ball 1-1: Called Strike 1-2: Fielders Choice at 2nd, U6 (Groundball, 6M, EV 101.2 MPH)
|
Top of the 1st over - 1 run, 1 hit, 0 errors, 3 left on base; Aberdeen 1 - Mahoning Valley 0 |
BOTTOM OF THE 1ST |
Mahoning Valley Scrappers batting - Pitching for Aberdeen Ironbirds : RHP Brian Tarver
|
Pitching: RHP Brian Tarver
|
|
Batting: RHB Jonathan Underhill
|
0-0: Ball 1-0: Ball 2-0: Called Strike 2-1: SINGLE (Line Drive, 89S, EV 111.2 MPH)
|
Batting: RHB Edolf Vlemmings
|
0-0: Foul Ball, location: 2F 0-1: Ball 1-1: Ball 2-1: Swinging Strike 2-2: Strikes out swinging
|
Batting: RHB Mike Sims
|
0-0: Ball Jonathan Underhill is caught stealing 2nd base 2-4 1-0: Ball 2-0: Called Strike 2-1: Ball 3-1: Fly out, F7 (Flyball, 7S, EV 86.2 MPH)
|
Bottom of the 1st over - 0 runs, 1 hit, 0 errors, 0 left on base; Aberdeen 1 - Mahoning Valley 0 |
TOP OF THE 2ND |
Aberdeen Ironbirds batting - Pitching for Mahoning Valley Scrappers : RHP Rafael Borja
|
Batting: RHB Ryan Vest
|
0-0: Ball 1-0: Ball 2-0: Swinging Strike 2-1: Ball 3-1: Base on Balls
|
Batting: RHB Ioan Biros
|
0-0: Ball 1-0: Ball 2-0: Foul Ball, location: 2F 2-1: Ball 3-1: Base on Balls Ryan Vest to second
|
Batting: LHB Bill Ostlund
|
0-0: Ball 1-0: Ball 2-0: Ball 3-0: Base on Balls Ryan Vest to third Ioan Biros to second
|
Batting: LHB Rodolfo Montes
|
0-0: SINGLE (Groundball, 25, EV 70.0 MPH) (infield hit) Ryan Vest scores Ioan Biros to third Bill Ostlund to second
|
Batting: RHB Jeremy Sipe
|
0-0: Ball 1-0: Called Strike 1-1: Ball Wild Pitch! Ioan Biros scores Bill Ostlund to third Rodolfo Montes to second 2-1: Called Strike 2-2: Ball 3-2: Base on Balls
|
Batting: LHB Tim Mulholland
|
0-0: Called Strike 0-1: SINGLE (Groundball, 6MD, EV 95.0 MPH) Bill Ostlund scores Rodolfo Montes to third Jeremy Sipe to second Runner from 3rd tries for Home, throw by CF and OUT! 8-2
|
Batting: RHB Lee Deason
|
0-0: Called Strike Jeremy Sipe steals 3rd, throwing error, E2 Jeremy Sipe scores Tim Mulholland to third 0-1: DOUBLE (Flyball, 8LXD, EV 113.8 MPH) Tim Mulholland scores
|
Batting: RHB Kaleb Yerger
|
0-0: Ball Balk! Lee Deason to third 1-0: Ball 2-0: Called Strike 2-1: Ball Wild Pitch! Lee Deason scores 3-1: Base on Balls
|
Batting: RHB Scott Boyd
|
0-0: Ball 1-0: Called Strike 1-1: Fly out, F4 (Popup, 34D, EV 50.0 MPH)
|
Pitching: RHP Zach Robbins
|
|
Batting: RHB Ryan Vest
|
0-0: Foul Ball, location: 2F 0-1: Called Strike 0-2: Ball 1-2: Foul Ball, location: 2F 1-2: Ball 2-2: Foul Ball, location: 2F 2-2: Ground out 3-1 (Groundball, 34S, EV 86.2 MPH)
|
Top of the 2nd over - 6 runs, 3 hits, 1 error, 1 left on base; Aberdeen 7 - Mahoning Valley 0 |
BOTTOM OF THE 2ND |
Mahoning Valley Scrappers batting - Pitching for Aberdeen Ironbirds : RHP Brian Tarver
|
Batting: SHB Charlie Diesel
|
0-0: Called Strike 0-1: Swinging Strike 0-2: Foul Ball, location: 2F 0-2: Reached on error, E6 (Groundball, 6D, EV 105.0 MPH)
|
Batting: RHB Zachary Sidney
|
0-0: Grounds into double play, 1-6-3 (Groundball, 13, EV 68.8 MPH)
|
Batting: RHB Santos Guadalupe
|
0-0: Ball 1-0: DOUBLE (Line Drive, 7LM, EV 114.4 MPH)
|
Batting: RHB Mario Trujillo
|
0-0: Ball 1-0: Ball 2-0: Ground out 6-3 (Groundball, 6, EV 100.6 MPH)
|
Bottom of the 2nd over - 0 runs, 1 hit, 1 error, 1 left on base; Aberdeen 7 - Mahoning Valley 0 |
TOP OF THE 3RD |
Aberdeen Ironbirds batting - Pitching for Mahoning Valley Scrappers : RHP Zach Robbins
|
Batting: RHB Ioan Biros
|
0-0: Swinging Strike 0-1: Ground out 6-3 (Groundball, 56D, EV 85.0 MPH)
|
Batting: LHB Bill Ostlund
|
0-0: Foul Ball, location: 2F 0-1: Ball 1-1: Ball 2-1: Ball 3-1: Base on Balls
|
Batting: LHB Rodolfo Montes
|
0-0: Ball 1-0: Foul Ball, location: 2F 1-1: Called Strike 1-2: Ball 2-2: Foul Ball, location: 2F 2-2: Ball 3-2: Base on Balls Bill Ostlund to second
|
Batting: RHB Jeremy Sipe
|
0-0: Ball 1-0: Foul Ball, location: 2F 1-1: 3-RUN HOME RUN (Flyball, 7D, EV 94.4 MPH), Distance : 376 ft
|
Batting: LHB Tim Mulholland
|
0-0: Ball 1-0: Called Strike 1-1: SINGLE (Groundball, 56S, EV 71.9 MPH) (infield hit)
|
Batting: RHB Lee Deason
|
0-0: Ball 1-0: Ball 2-0: Ball 3-0: Base on Balls Tim Mulholland to second
|
Batting: RHB Kaleb Yerger
|
0-0: Ball 1-0: Ball 2-0: Called Strike Balk! Tim Mulholland to third Lee Deason to second 2-1: Ball 3-1: Foul Ball, location: 2F 3-2: Foul Ball, location: 2F 3-2: Base on Balls
|
Batting: RHB Scott Boyd
|
0-0: Ball 1-0: Fly out, F9 (Flyball, 9LS, EV 96.9 MPH)
|
Batting: RHB Ryan Vest
|
0-0: Ball 1-0: Ball 2-0: Foul Ball, location: 2F 2-1: Ball 3-1: Foul Ball, location: 2F 3-2: Base on Balls Tim Mulholland scores Lee Deason to third Kaleb Yerger to second
|
Batting: RHB Ioan Biros
|
0-0: Ball 1-0: Called Strike 1-1: Ball Wild Pitch! Lee Deason scores Kaleb Yerger to third Ryan Vest to second 2-1: Swinging Strike 2-2: Ball 3-2: DOUBLE (Line Drive, 7LS, EV 95.6 MPH) Kaleb Yerger scores Ryan Vest scores
|
Pitching: LHP Bertrand Preece
|
|
Batting: LHB Bill Ostlund
|
0-0: Foul Ball, location: 2F 0-1: Foul Ball, location: 2F 0-2: Ball 1-2: Ball 2-2: Ball Balk! Ioan Biros to third 3-2: Ground out 4-3 (Groundball, 4, EV 108.8 MPH)
|
Top of the 3rd over - 7 runs, 3 hits, 0 errors, 1 left on base; Aberdeen 14 - Mahoning Valley 0 |
BOTTOM OF THE 3RD |
Mahoning Valley Scrappers batting - Pitching for Aberdeen Ironbirds : RHP Brian Tarver
|
Batting: RHB David Young
|
0-0: Ball 1-0: Ball 2-0: Ball 3-0: Called Strike 3-1: Base on Balls
|
Batting: RHB Nelson Trujillo
|
0-0: Ball 1-0: Called Strike 1-1: Ball 2-1: Fly out, F4 (Popup, 3DF, EV 51.2 MPH)
|
Batting: RHB Jonathan Underhill
|
0-0: Ball 1-0: Fielders Choice at 2nd, 1-6 (Groundball, 13, EV 65.0 MPH)
|
Batting: RHB Edolf Vlemmings
|
0-0: Called Strike 0-1: Foul Ball, location: 2F 0-2: Strikes out swinging
|
Bottom of the 3rd over - 0 runs, 0 hits, 0 errors, 1 left on base; Aberdeen 14 - Mahoning Valley 0 |
TOP OF THE 4TH |
Aberdeen Ironbirds batting - Pitching for Mahoning Valley Scrappers : LHP Bertrand Preece
|
Batting: LHB Rodolfo Montes
|
0-0: Ball 1-0: Foul Ball, location: 2F 1-1: Foul Ball, location: 2F 1-2: Ground out U3 (Groundball, 34S, EV 82.5 MPH)
|
Batting: RHB Jeremy Sipe
|
0-0: Swinging Strike 0-1: Ball 1-1: Called Strike 1-2: Foul Ball, location: 2F 1-2: Foul Ball, location: 2F 1-2: Foul Ball, location: 2F 1-2: Foul Ball, location: 2F 1-2: Ball 2-2: Ball 3-2: Fly out, F8 (Line Drive, 8LD, EV 108.8 MPH)
|
Batting: LHB Tim Mulholland
|
0-0: Ball 1-0: Called Strike 1-1: Fly out, F7 (Line Drive, 7S, EV 103.1 MPH)
|
Top of the 4th over - 0 runs, 0 hits, 0 errors, 0 left on base; Aberdeen 14 - Mahoning Valley 0 |
BOTTOM OF THE 4TH |
Mahoning Valley Scrappers batting - Pitching for Aberdeen Ironbirds : RHP Brian Tarver
|
Batting: RHB Mike Sims
|
0-0: Ball 1-0: Ball 2-0: Fly out, F7 (Flyball, 7, EV 95.0 MPH)
|
Batting: SHB Charlie Diesel
|
0-0: Ball 1-0: Foul Ball, location: 2F 1-1: Fly out, F9 (Flyball, 9, EV 93.1 MPH)
|
Batting: RHB Zachary Sidney
|
0-0: Called Strike 0-1: Foul Ball, location: 2F 0-2: Ball 1-2: Ball 2-2: Ground out U3 (Groundball, 13, EV 81.2 MPH)
|
Bottom of the 4th over - 0 runs, 0 hits, 0 errors, 0 left on base; Aberdeen 14 - Mahoning Valley 0 |
TOP OF THE 5TH |
Aberdeen Ironbirds batting - Pitching for Mahoning Valley Scrappers : LHP Bertrand Preece
|
Batting: RHB Lee Deason
|
0-0: Ball 1-0: Fly out, F8 (Line Drive, 8RD, EV 95.6 MPH)
|
Batting: RHB Kaleb Yerger
|
0-0: Reached on error, E5 (Groundball, 5, EV 106.2 MPH)
|
Batting: RHB Scott Boyd
|
0-0: Called Strike Balk! Kaleb Yerger to second 0-1: Ball 1-1: TRIPLE (Groundball, 5L, EV 100.6 MPH) Kaleb Yerger scores
|
Batting: RHB Ryan Vest
|
0-0: Swinging Strike 0-1: Ball Wild Pitch! Scott Boyd scores 1-1: Called Strike 1-2: Strikes out looking
|
Batting: RHB Ioan Biros
|
0-0: Called Strike 0-1: Ball 1-1: Called Strike 1-2: Foul Ball, location: 2F 1-2: Ball 2-2: Strikes out swinging
|
Top of the 5th over - 2 runs, 1 hit, 1 error, 0 left on base; Aberdeen 16 - Mahoning Valley 0 |
BOTTOM OF THE 5TH |
Mahoning Valley Scrappers batting - Pitching for Aberdeen Ironbirds : RHP Brian Tarver
|
Batting: RHB Santos Guadalupe
|
0-0: Called Strike 0-1: Ball 1-1: Ball 2-1: Foul Ball, location: 2F 2-2: Foul Ball, location: 2F 2-2: SINGLE (Groundball, 34S, EV 66.9 MPH) (infield hit)
|
Batting: RHB Mario Trujillo
|
0-0: Ball 1-0: Called Strike 1-1: Called Strike 1-2: Ball 2-2: Foul Ball, location: 2F 2-2: Strikes out swinging
|
Batting: RHB David Young
|
0-0: Called Strike 0-1: Ball 1-1: Ball 2-1: Swinging Strike 2-2: Grounds into double play, 6-4-3 (Groundball, 6, EV 88.8 MPH)
|
Bottom of the 5th over - 0 runs, 1 hit, 0 errors, 0 left on base; Aberdeen 16 - Mahoning Valley 0 |
TOP OF THE 6TH |
Aberdeen Ironbirds batting - Pitching for Mahoning Valley Scrappers : LHP Bertrand Preece
|
Batting: LHB Bill Ostlund
|
0-0: Fly out, F9 (Flyball, 9LS, EV 72.5 MPH)
|
Batting: LHB Rodolfo Montes
|
0-0: Ball 1-0: Fly out, F8 (Flyball, 8LM, EV 85.0 MPH)
|
Batting: RHB Jeremy Sipe
|
0-0: Ball 1-0: Foul Ball, location: 2F 1-1: Hit by Pitch
|
Batting: LHB Tim Mulholland
|
0-0: Called Strike 0-1: Ball 1-1: Swinging Strike Balk! Jeremy Sipe to second 1-2: Ball 2-2: Ball 3-2: Base on Balls
|
Pitching: RHP Bryan Ernst
|
|
Batting: RHB Lee Deason
|
0-0: Ball 1-0: Ground out 5-3 (Groundball, 56S, EV 68.1 MPH)
|
Top of the 6th over - 0 runs, 0 hits, 0 errors, 2 left on base; Aberdeen 16 - Mahoning Valley 0 |
BOTTOM OF THE 6TH |
Mahoning Valley Scrappers batting - Pitching for Aberdeen Ironbirds : RHP Brian Tarver
|
Batting: RHB Nelson Trujillo
|
0-0: Called Strike 0-1: Ball 1-1: Called Strike 1-2: Ball 2-2: Foul Ball, location: 2F 2-2: Ball 3-2: Strikes out looking
|
Batting: RHB Jonathan Underhill
|
0-0: Ball 1-0: Called Strike 1-1: SINGLE (Groundball, 6MD, EV 108.8 MPH)
|
Batting: RHB Edolf Vlemmings
|
0-0: Ball 1-0: Called Strike 1-1: Ball 2-1: Ball 3-1: DOUBLE (Flyball, 8LD, EV 93.8 MPH) Jonathan Underhill to third
|
Batting: RHB Mike Sims
|
0-0: Called Strike 0-1: Ground out 6-3 (Groundball, 6, EV 110.6 MPH) Jonathan Underhill scores
|
Batting: SHB Charlie Diesel
|
0-0: Ball 1-0: Ball 2-0: Foul Ball, location: 2F 2-1: Ball 3-1: Base on Balls
|
Batting: RHB Zachary Sidney
|
0-0: Ball 1-0: Ball 2-0: Called Strike 2-1: Ball 3-1: Fielders Choice at 2nd, 6-4 (Groundball, 56, EV 77.5 MPH)
|
Bottom of the 6th over - 1 run, 2 hits, 0 errors, 2 left on base; Aberdeen 16 - Mahoning Valley 1 |
TOP OF THE 7TH |
Aberdeen Ironbirds batting - Pitching for Mahoning Valley Scrappers : RHP Bryan Ernst
|
Batting: RHB Kaleb Yerger
|
0-0: Ball 1-0: Ground out 1-3 (Groundball, 15, EV 69.4 MPH)
|
Batting: RHB Scott Boyd
|
0-0: Foul Ball, location: 2F 0-1: Ball 1-1: Fly out, F7 (Line Drive, 7D, EV 94.4 MPH)
|
Batting: RHB Ryan Vest
|
0-0: Ball 1-0: Called Strike 1-1: Foul Ball, location: 2F 1-2: Fly out, F8 (Flyball, 8LS, EV 91.9 MPH)
|
Top of the 7th over - 0 runs, 0 hits, 0 errors, 0 left on base; Aberdeen 16 - Mahoning Valley 1 |
BOTTOM OF THE 7TH |
Mahoning Valley Scrappers batting - Pitching for Aberdeen Ironbirds : RHP Brian Tarver
|
Pitching: LHP Chris Brown
|
|
Pinch Hitting: RHB Allen Wozniak
|
0-0: Ball 1-0: Ground out 5-3 (Groundball, 56S, EV 73.8 MPH)
|
Pinch Hitting: RHB Chris Slama
|
0-0: Ball 1-0: SINGLE (Groundball, 6MD, EV 101.9 MPH)
|
Pinch Hitting: RHB Richie Schraven
|
0-0: Ball 1-0: Foul Ball, location: 2F 1-1: Foul Ball, location: 2F 1-2: Foul Ball, location: 2F 1-2: Foul Ball, location: 2F 1-2: Strikes out swinging
|
Batting: RHB Nelson Trujillo
|
0-0: Called Strike 0-1: Foul Ball, location: 2F 0-2: Foul Ball, location: 2F 0-2: Ball 1-2: DOUBLE (Line Drive, 78XD, EV 101.2 MPH) Chris Slama to third Runner from 3rd tries for Home, SAFE, throw by CF to home
|
Pinch Hitting: RHB Steve Hasson
|
0-0: Ball 1-0: Ball 2-0: Called Strike 2-1: Foul Ball, location: 2F 2-2: Fly out, F6 (Line Drive, 6, EV 75.0 MPH)
|
Bottom of the 7th over - 1 run, 2 hits, 0 errors, 1 left on base; Aberdeen 16 - Mahoning Valley 2 |
TOP OF THE 8TH |
Aberdeen Ironbirds batting - Pitching for Mahoning Valley Scrappers : RHP Bryan Ernst
|
Now at 2B: Allen Wozniak
|
|
Now at 3B: Richie Schraven
|
|
Now at SS: Steve Hasson
|
|
Now in LF: Chris Slama
|
|
Batting: RHB Ioan Biros
|
0-0: Ball 1-0: Ball 2-0: Ball 3-0: Base on Balls
|
Batting: LHB Bill Ostlund
|
0-0: Fly out, F9 (Flyball, 9LS, EV 86.9 MPH)
|
Batting: LHB Rodolfo Montes
|
0-0: Called Strike 0-1: Foul Ball, location: 2F 0-2: Grounds into double play, 5-4-3 (Groundball, 56, EV 86.9 MPH)
|
Top of the 8th over - 0 runs, 0 hits, 0 errors, 0 left on base; Aberdeen 16 - Mahoning Valley 2 |
BOTTOM OF THE 8TH |
Mahoning Valley Scrappers batting - Pitching for Aberdeen Ironbirds : LHP Chris Brown
|
Batting: RHB Edolf Vlemmings
|
0-0: Fly out, F6 (Popup, 6MD, EV 58.1 MPH)
|
Batting: RHB Mike Sims
|
0-0: Ball 1-0: Fly out, F8 (Line Drive, 8LM, EV 92.5 MPH)
|
Pinch Hitting: RHB Eduardo Ramirez
|
0-0: Foul Ball, location: 2F 0-1: Swinging Strike 0-2: Foul Ball, location: 2F 0-2: Ball 1-2: Ground out 4-3 (Groundball, 4M, EV 84.4 MPH)
|
Bottom of the 8th over - 0 runs, 0 hits, 0 errors, 0 left on base; Aberdeen 16 - Mahoning Valley 2 |
TOP OF THE 9TH |
Aberdeen Ironbirds batting - Pitching for Mahoning Valley Scrappers : RHP Bryan Ernst
|
Now at 1B: Eduardo Ramirez
|
|
Batting: RHB Jeremy Sipe
|
0-0: Ball 1-0: Fly out, F9 (Flyball, 89M, EV 88.1 MPH)
|
Batting: LHB Tim Mulholland
|
0-0: Ball 1-0: Ground out 3-1 (Groundball, 34, EV 91.2 MPH)
|
Batting: RHB Lee Deason
|
0-0: Ball 1-0: Ball 2-0: Ball 3-0: Base on Balls
|
Batting: RHB Kaleb Yerger
|
0-0: Ball 1-0: Swinging Strike 1-1: SINGLE (Groundball, 56D, EV 101.9 MPH) Lee Deason to second
|
Batting: RHB Scott Boyd
|
0-0: Hit by Pitch Lee Deason to third Kaleb Yerger to second
|
Batting: RHB Ryan Vest
|
0-0: Ball 1-0: Foul Ball, location: 2F 1-1: Ball 2-1: Fielders Choice at 2nd, 5-4 (Groundball, 56, EV 101.2 MPH)
|
Top of the 9th over - 0 runs, 1 hit, 0 errors, 3 left on base; Aberdeen 16 - Mahoning Valley 2 |
BOTTOM OF THE 9TH |
Mahoning Valley Scrappers batting - Pitching for Aberdeen Ironbirds : LHP Chris Brown
|
Batting: RHB Zachary Sidney
|
0-0: Ball 1-0: Ball 2-0: SINGLE (Line Drive, 89S, EV 93.8 MPH)
|
Pitching: LHP Josh Binyon
|
|
Pinch Hitting: RHB Melvin Villagomez
|
0-0: Foul Ball, location: 2F 0-1: Foul Ball, location: 2F 0-2: Strikes out looking
|
Batting: RHB Chris Slama
|
0-0: Ball 1-0: Grounds into double play, 5-4-3 (Groundball, 56, EV 96.2 MPH)
|
Bottom of the 9th over - 0 runs, 1 hit, 0 errors, 0 left on base; Aberdeen 16 - Mahoning Valley 2 |
|